[Event "ICCopen2017"]
[Site "Internet Chess Club"]
[Date "2017.03.25"]
[Round "3"]
[White "trucker"]
[Black "psychopat2016"]
[Result "1-0"]
[ICCResult "Black resigns"]
[WhiteElo "1509"]
[BlackElo "1263"]
[Opening "Sicilian defense"]
[ECO "B32"]
[NIC "SI.32"]
[Time "14:27:24"]
[TimeControl "180+0"]

1. e4 c5 2. Nf3 Nc6 3. d4 cxd4 4. Nxd4 a6 5. c4 g6 6. Nc3 Bg7 7. Be3 e6 8.
Nxc6 bxc6 9. Bc5 Ne7 10. Qd6 O-O 11. Qxe7 Qxe7 12. Bxe7 Re8 13. Bd6 Bb7 14.
Bd3 Rab8 15. O-O Rbd8 16. Rab1 e5 17. Na4 f5 18. Nc5 fxe4 19. Bxe4 Ba8 20.
b4 Rc8 21. a4 Bh6 22. Rfd1 g5 23. f3 {Black resigns} 1-0

[Event "ICCopen2017"]
[Site "Internet Chess Club"]
[Date "2017.03.25"]
[Round "3"]
[White "ASidorov"]
[Black "fearlessone"]
[Result "1-0"]
[ICCResult "Black checkmated"]
[WhiteElo "2353"]
[BlackElo "1653"]
[Opening "King's pawn opening"]
[ECO "B07"]
[NIC "VO.17"]
[Time "14:27:43"]
[TimeControl "180+0"]

1. e4 d6 2. d4 Nd7 3. Nc3 e6 4. f4 Ne7 5. Nf3 g6 6. Be3 Bg7 7. Qd2 b6 8.
O-O-O Bb7 9. Bd3 O-O 10. h4 Nf6 11. h5 Nxh5 12. g4 Nf6 13. Rh4 Nc6 14. Rdh1
Nb4 15. f5 Nxd3+ 16. cxd3 exf5 17. gxf5 gxf5 18. Bh6 Ng4 19. Bxg7 Kxg7 20.
Rxg4+ fxg4 21. Qh6+ Kg8 22. Qxh7# {Black checkmated} 1-0

[Event "ICCopen2017"]
[Site "Internet Chess Club"]
[Date "2017.03.25"]
[Round "3"]
[White "HouseMorgan"]
[Black "nr3"]
[Result "1-0"]
[ICCResult "Black resigns"]
[WhiteElo "2009"]
[BlackElo "1641"]
[Opening "King's Indian, 3.Nf3"]
[ECO "E62"]
[NIC "KI.72"]
[Time "14:27:59"]
[TimeControl "180+0"]

1. d4 Nf6 2. Nf3 g6 3. c4 d6 4. g3 Bg7 5. Bg2 O-O 6. O-O Nc6 7. Nc3 Rb8 8.
d5 Na5 9. Qa4 c5 10. dxc6 Nxc6 11. Rd1 a6 12. Bf4 Bf5 13. Rac1 Qd7 14. Nh4
Ne4 15. Bxe4 Bxc3 16. Bxf5 gxf5 17. Rxc3 Kh8 18. Qc2 e6 19. Bxd6 Qc8 20.
Bxf8 Qxf8 21. a3 Qg7 22. Rcd3 Ne5 23. Rd8+ Rxd8 24. Rxd8+ {Black resigns}
1-0

[Event "ICCopen2017"]
[Site "Internet Chess Club"]
[Date "2017.03.25"]
[Round "3"]
[White "topotun"]
[Black "stin"]
[Result "1-0"]
[ICCResult "Black resigns"]
[WhiteElo "2895"]
[BlackElo "1907"]
[Opening "Ruy Lopez: open, 8...Be6"]
[ECO "C80"]
[NIC "RL.27"]
[Time "14:27:25"]
[TimeControl "180+0"]

1. e4 e5 2. Nf3 Nc6 3. Bb5 a6 4. Ba4 Nf6 5. O-O Nxe4 6. d4 b5 7. Bb3 d5 8.
dxe5 Be6 9. Be3 Be7 10. Qd3 Nc5 11. Bxc5 Bxc5 12. Nc3 Ne7 13. Ng5 c6 14.
Rad1 Bf5 15. Qg3 Bg6 16. Nce4 Nf5 17. Qf4 Be7 18. e6 O-O 19. exf7+ Rxf7 20.
Nxf7 Kxf7 21. g4 {Black resigns} 1-0

[Event "ICCopen2017"]
[Site "Internet Chess Club"]
[Date "2017.03.25"]
[Round "3"]
[White "Baltimora"]
[Black "chigato"]
[Result "1-0"]
[ICCResult "Black resigns"]
[WhiteElo "2263"]
[BlackElo "1713"]
[Opening "QGD Slav: 3.Nf3"]
[ECO "D11"]
[NIC "SL.01"]
[Time "14:28:33"]
[TimeControl "180+0"]

1. d4 d5 2. c4 c6 3. Nf3 Bg4 4. Nc3 f6 5. e3 Be6 6. cxd5 cxd5 7. Bd3 Nc6 8.
O-O Qd7 9. e4 Bf7 10. e5 e6 11. exf6 gxf6 12. Re1 Nge7 13. Bf4 h5 14. h3 h4
15. Rc1 a6 16. Na4 Nc8 17. Nc5 Bxc5 18. Rxc5 Nd6 19. Rxd5 O-O-O 20. Rxd6 Qe7
21. Rxd8+ Nxd8 22. Qc2+ Kd7 23. d5 e5 24. Bf5+ Ke8 25. Nxe5 fxe5 26. Rxe5
{Black resigns}
1-0

[Event "ICCopen2017"]
[Site "Internet Chess Club"]
[Date "2017.03.25"]
[Round "3"]
[White "bythebook"]
[Black "Cramagica"]
[Result "1-0"]
[ICCResult "Black checkmated"]
[WhiteElo "1547"]
[BlackElo "1091"]
[Opening "Sicilian: Canal-Sokolsky attack, 3...Bd7"]
[ECO "B52"]
[NIC "SI.01"]
[Time "14:28:00"]
[TimeControl "180+0"]

1. e4 c5 2. Nf3 d6 3. Bb5+ Bd7 4. Qe2 Bxb5 5. Qxb5+ Qd7 6. Qe2 Nc6 7. c3 Nf6
8. d4 cxd4 9. cxd4 g6 10. d5 Ne5 11. Nxe5 dxe5 12. O-O Bg7 13. Nd2 O-O 14.
Nf3 a6 15. Nxe5 Qd6 16. Nf3 b5 17. Rd1 Rfe8 18. Bg5 Nh5 19. g3 h6 20. Be3 g5
21. Nd4 Be5 22. Qxh5 Kg7 23. Nf5+ Kh7 24. Nxd6 Bxd6 25. Bxg5 f6 26. Qxh6+
Kg8 27. Qg6+ Kf8 28. Bh6# {Black checkmated} 1-0

[Event "ICCopen2017"]
[Site "Internet Chess Club"]
[Date "2017.03.25"]
[Round "3"]
[White "bennywins"]
[Black "Simba"]
[Result "1-0"]
[ICCResult "Black checkmated"]
[WhiteElo "1464"]
[BlackElo "1078"]
[Opening "King's pawn opening"]
[ECO "B07"]
[NIC "VO.17"]
[Time "14:28:34"]
[TimeControl "180+0"]

1. e4 d6 2. Nf3 e6 3. d4 Be7 4. Nc3 a6 5. Be3 c6 6. Bd3 Nf6 7. O-O O-O 8. e5
Ne8 9. Ne2 dxe5 10. dxe5 Nd7 11. c4 Bc5 12. Bxc5 Nxc5 13. Bxh7+ Kxh7 14.
Qxd8 Ne4 15. Qh4+ Kg8 16. Qxe4 Nc7 17. Qh4 g6 18. Ng5 Rd8 19. Qh7+ Kf8 20.
Qxf7# {Black checkmated} 1-0

[Event "ICCopen2017"]
[Site "Internet Chess Club"]
[Date "2017.03.25"]
[Round "3"]
[White "sanguine"]
[Black "BillietheKid"]
[Result "0-1"]
[ICCResult "White resigns"]
[WhiteElo "1005"]
[BlackElo "1413"]
[Opening "French defense"]
[ECO "C00"]
[NIC "FR.01"]
[Time "14:28:23"]
[TimeControl "180+0"]

1. e4 e6 2. Nf3 d5 3. exd5 exd5 4. d4 Nf6 5. Bd3 Bd6 6. Nc3 c6 7. O-O O-O 8.
Re1 Bg4 9. Bg5 Nbd7 10. h3 Bh5 11. g4 Bg6 12. Be2 Qb6 13. Bxf6 Nxf6 14. g5
Ne4 15. Nxe4 dxe4 16. Ne5 Bxe5 17. dxe5 Qxb2 18. Bc4 Qxe5 19. f4 Qxf4 20.
Rf1 Qxg5+ 21. Kh1 e3 22. Rg1 Be4+ 23. Kh2 Qf4+ 24. Rg3 Qf2+ {White resigns}
0-1

[Event "ICCopen2017"]
[Site "Internet Chess Club"]
[Date "2017.03.25"]
[Round "3"]
[White "zztop"]
[Black "egya"]
[Result "0-1"]
[ICCResult "White resigns"]
[WhiteElo "1451"]
[BlackElo "1791"]
[Opening "King's pawn opening"]
[ECO "B07"]
[NIC "VO.17"]
[Time "14:27:17"]
[TimeControl "180+0"]

1. e4 d6 2. Bc4 Nf6 3. d3 e6 4. Nf3 Be7 5. a3 O-O 6. h3 d5 7. exd5 exd5 8.
Ba2 c6 9. O-O Na6 10. Nc3 Nc7 11. Bf4 Bd6 12. Qc1 Ne6 13. Re1 Bxf4 14. Qd1
Re8 15. Ne2 Bd6 16. Ned4 Nxd4 17. Nxd4 Rxe1+ 18. Qxe1 Qe7 19. Qd2 Be6 20.
Re1 Qd7 21. Qe3 Re8 22. Qf3 Bc5 23. Ne2 Bb6 24. d4 Bc7 25. c3 Qd6 26. Ng3
Ne4 27. Bb1 Nxg3 28. fxg3 Qxg3 29. Qxg3 Bxg3 30. Rf1 f6 31. Bc2 Bd7 32. Bd3
Re1 33. c4 Rxf1+ 34. Kxf1 dxc4 35. Bxc4+ Kf8 36. d5 Ke7 37. dxc6 Bxc6 38.
Ke2 Bxg2 39. b4 Bxh3 40. Kf3 Be6 41. Bxe6 Kxe6 42. Kxg3 b5 43. Kf4 Kd5 44.
Kf5 h5 45. Kg6 h4 46. Kxg7 h3 47. Kxf6 h2 {White resigns} 0-1

[Event "ICCopen2017"]
[Site "Internet Chess Club"]
[Date "2017.03.25"]
[Round "3"]
[White "tolialuisan"]
[Black "eltigrecu"]
[Result "0-1"]
[ICCResult "White resigns"]
[WhiteElo "1501"]
[BlackElo "1891"]
[Opening "Sicilian: Pelikan (Lasker/Sveshnikov) variation"]
[ECO "B33"]
[NIC "SI.35"]
[Time "14:27:06"]
[TimeControl "180+0"]

1. e4 c5 2. Nf3 Nc6 3. d4 cxd4 4. Nxd4 Nf6 5. Nc3 e5 6. Nb3 Bb4 7. f3 Bxc3+
8. bxc3 Nxe4 9. Qd3 Nf6 10. Ba3 a5 11. O-O-O d5 12. Qb5 a4 13. Nc5 O-O 14.
Nxb7 Bxb7 15. Qxb7 Na5 16. Qb5 Re8 17. Bd3 Qc7 18. Bb4 Reb8 19. Bxa5 Rxa5
20. Qb4 Rxb4 21. cxb4 Ra8 {White resigns} 0-1

[Event "ICCopen2017"]
[Site "Internet Chess Club"]
[Date "2017.03.25"]
[Round "3"]
[White "mahh"]
[Black "ErnestoRondon"]
[Result "0-1"]
[ICCResult "White resigns"]
[WhiteElo "1581"]
[BlackElo "1828"]
[Opening "English: symmetrical variation"]
[ECO "A35"]
[NIC "EO.64"]
[Time "14:27:07"]
[TimeControl "180+0"]

1. c4 c5 2. Nc3 Nc6 3. e4 e6 4. f4 Nf6 5. d3 d5 6. cxd5 exd5 7. e5 Ng8 8.
Nf3 d4 9. Ne4 f6 10. exf6 Nxf6 11. Nxf6+ Qxf6 12. Be2 Bd6 13. g3 O-O 14. O-O
Bh3 15. Re1 h6 16. Bd2 Rae8 17. Bf1 Bxf1 18. Rxf1 b6 19. Kg2 Ne7 20. Re1 Nd5
21. Rxe8 Rxe8 22. Qg1 Ne3+ 23. Bxe3 Rxe3 24. Re1 Rxe1 25. Qxe1 g5 26. fxg5
hxg5 27. Qe4 Kg7 28. Qb7+ Kg6 29. Qe4+ Kg7 30. Qb7+ Be7 31. Qe4 Qf7 32. Ne5
Qe6 33. Ng4 Qxe4+ 34. dxe4 c4 35. Kf3 Bc5 36. Ne5 b5 37. a3 d3 38. Nd7 Bd4
39. e5 Kf7 40. Nb8 Bxb2 41. Nc6 Ke6 42. Nb4 d2 43. Ke2 c3 44. Nc2 Kxe5 45.
h4 gxh4 46. gxh4 Kf4 47. h5 Kg5 48. h6 Kxh6 49. Kd3 d1=Q+ {White resigns}
0-1

[Event "ICCopen2017"]
[Site "Internet Chess Club"]
[Date "2017.03.25"]
[Round "3"]
[White "FlyCatcher"]
[Black "ComeonJimtal"]
[Result "1-0"]
[ICCResult "Black resigns"]
[WhiteElo "2373"]
[BlackElo "1739"]
[Opening "Réti: King's Indian attack (Barcza system)"]
[ECO "A07"]
[NIC "VO.09"]
[Time "14:27:45"]
[TimeControl "180+0"]

1. g3 d5 2. Nf3 c6 3. Bg2 e5 4. d4 e4 5. Nfd2 Nf6 6. O-O h5 7. c4 h4 8. Nc3
hxg3 9. hxg3 Bh3 10. Bxh3 Rxh3 11. Kg2 Rh8 12. cxd5 cxd5 13. Qb3 Qd7 14. Rh1
Rxh1 15. Kxh1 Qh3+ 16. Kg1 Ng4 17. Nf1 Bd6 18. Qxd5 Bxg3 19. fxg3 Nc6 20.
Qxe4+ Kf8 21. Qh1 Qxh1+ 22. Kxh1 Nxd4 23. Bf4 Nc2 24. Rc1 Nd4 25. Ne3 Nf2+
26. Kg2 Ne4 27. Nxe4 Nxe2 28. Rc2 {Black resigns} 1-0

[Event "ICCopen2017"]
[Site "Internet Chess Club"]
[Date "2017.03.25"]
[Round "3"]
[White "CIROVICZCHESS"]
[Black "icewoman"]
[Result "1-0"]
[ICCResult "Black checkmated"]
[WhiteElo "1532"]
[BlackElo "1083"]
[Opening "King's pawn opening"]
[ECO "B07"]
[NIC "VO.17"]
[Time "14:27:58"]
[TimeControl "180+0"]

1. e4 d6 2. Nf3 Nf6 3. Nc3 Nbd7 4. Bc4 e5 5. Ng5 Be7 6. Nxf7 Kf8 7. Nxd8 c6
8. Nxb7 Bxb7 9. d4 d5 10. exd5 cxd5 11. dxe5 dxc4 12. exf6 Nxf6 13. O-O Ke8
14. Re1 Rd8 15. Qe2 Kf7 16. Qxe7+ Kg6 17. Qxb7 Rhe8 18. Rxe8 Rxe8 19. Be3
Ng4 20. Qxa7 Nxe3 21. fxe3 Rxe3 22. Qxe3 h5 23. Qd4 Kg5 24. Qxc4 Kh6 25. Re1
g5 26. Re6+ Kg7 27. Qc7+ Kf8 28. Rb6 g4 29. Rb8# {Black checkmated} 1-0

[Event "ICCopen2017"]
[Site "Internet Chess Club"]
[Date "2017.03.25"]
[Round "3"]
[White "audipudy"]
[Black "UnderArmour"]
[Result "0-1"]
[ICCResult "White resigns"]
[WhiteElo "1601"]
[BlackElo "1963"]
[Opening "French: Two knights variation"]
[ECO "C00"]
[NIC "FR.01"]
[Time "14:28:14"]
[TimeControl "180+0"]

1. e4 e6 2. Nf3 d5 3. Nc3 d4 4. Ne2 c5 5. c3 dxc3 6. bxc3 Nc6 7. Ng3 e5 8.
Bb5 Bd6 9. O-O Ne7 10. d4 cxd4 11. cxd4 exd4 12. e5 Bc5 13. Bg5 O-O 14. Rc1
Qb6 15. Bxc6 Nxc6 16. Ne4 Bb4 17. Nd6 Bxd6 18. exd6 Bg4 19. Qd3 f6 20. Bf4
Kh8 21. h3 Bxf3 22. Qxf3 Ne5 23. Bg3 Nxf3+ {White resigns} 0-1

[Event "ICCopen2017"]
[Site "Internet Chess Club"]
[Date "2017.03.25"]
[Round "3"]
[White "Butters"]
[Black "vicmel"]
[Result "1-0"]
[ICCResult "Black resigns"]
[WhiteElo "2502"]
[BlackElo "1849"]
[Opening "Anderssen's opening"]
[ECO "A00"]
[NIC "VO.14"]
[Time "14:27:13"]
[TimeControl "180+0"]

1. a3 c5 2. c4 g6 3. Nc3 Bg7 4. b4 b6 5. Rb1 d6 6. Nf3 Nf6 7. Qa4+ Bd7 8.
Qb3 O-O 9. e3 Bf5 10. d3 Nc6 11. Be2 e5 12. O-O e4 13. dxe4 Nxe4 14. Nxe4
Bxe4 15. Bd3 Qe7 16. Bxe4 Qxe4 17. Bb2 a5 18. Bxg7 Kxg7 19. Qc3+ Ne5 20.
bxc5 bxc5 21. Nxe5 dxe5 22. Rb5 Rfc8 23. f3 Qh4 24. Qxe5+ Kg8 25. Rxc5 Rxc5
26. Qxc5 a4 27. Qd4 Qe7 28. c5 Rc8 29. Rc1 Qe8 30. e4 h5 31. Qd5 Qb5 32. c6
Qb6+ 33. Qc5 Qxc5+ 34. Rxc5 Rc7 35. Kf2 f6 36. Ke3 Kf7 37. Kd4 Ke6 38. Kc4
Kd6 39. Kb5 Ra7 40. Kb6 Ra8 41. c7 Rc8 42. Rd5+ Ke7 43. Kb7 {Black resigns}
1-0

[Event "ICCopen2017"]
[Site "Internet Chess Club"]
[Date "2017.03.25"]
[Round "3"]
[White "kutittaja"]
[Black "JustKid"]
[Result "0-1"]
[ICCResult "White checkmated"]
[WhiteElo "1693"]
[BlackElo "2200"]
[Opening "English opening"]
[ECO "A10"]
[NIC "EO.64"]
[Time "14:27:06"]
[TimeControl "180+0"]

1. c4 g6 2. Nc3 Bg7 3. e4 d6 4. Nge2 Nf6 5. g3 O-O 6. Bg2 c5 7. d3 Nc6 8. h3
Ne8 9. Rb1 Nc7 10. O-O Bd7 11. Kh2 Ne6 12. f4 Ned4 13. Nxd4 cxd4 14. Ne2 a6
15. b4 b5 16. a3 Qb6 17. f5 Ne5 18. fxg6 hxg6 19. Bf4 bxc4 20. Bxe5 dxe5 21.
dxc4 Rac8 22. c5 Qe6 23. Qd3 Bb5 24. Qd2 Kh7 25. Rf2 Bh6 26. Qb2 Be3 27. Rf3
Kg7 28. h4 Qg4 29. Rbf1 f6 30. Bh3 Qxe4 31. Bxc8 Rxc8 32. Ng1 Bxf1 33. Rxf1
Rd8 34. a4 Bxg1+ 35. Rxg1 d3 36. Qd2 Rd4 37. Rg2 Rxb4 38. c6 Rc4 39. c7 Rxc7
40. h5 g5 41. Rf2 Rc2 42. Qa5 Rxf2+ 43. Kh3 Qg2+ 44. Kg4 Rf4# {White
checkmated} 0-1

[Event "ICCopen2017"]
[Site "Internet Chess Club"]
[Date "2017.03.25"]
[Round "3"]
[White "Khanzer17"]
[Black "jjmolina"]
[Result "1-0"]
[ICCResult "Black checkmated"]
[WhiteElo "1888"]
[BlackElo "1367"]
[Opening "Giuoco Piano"]
[ECO "C50"]
[NIC "IG.02"]
[Time "14:28:19"]
[TimeControl "180+0"]

1. e4 e5 2. Nf3 Nc6 3. Bc4 Bc5 4. O-O Nf6 5. d4 Nxd4 6. Nxd4 Bxd4 7. c3 Bc5
8. Bg5 Be7 9. Nd2 d6 10. f4 exf4 11. Bxf4 O-O 12. Qf3 Bg4 13. Qg3 Be6 14.
Bxe6 fxe6 15. Bh6 Rf7 16. Rae1 e5 17. Be3 Qe8 18. Qh3 Bf8 19. Bg5 Be7 20.
Nf3 h6 21. Bd2 Nh7 22. Nh4 Rxf1+ 23. Rxf1 Bxh4 24. Qxh4 Qe6 25. b3 Re8 26.
c4 Nf6 27. Bxh6 Nxe4 28. Bxg7 Nd2 29. Qh8# {Black checkmated} 1-0

[Event "ICCopen2017"]
[Site "Internet Chess Club"]
[Date "2017.03.25"]
[Round "3"]
[White "jeffers9"]
[Black "ALexiz"]
[Result "1-0"]
[ICCResult "Black resigns"]
[WhiteElo "1387"]
[BlackElo "1628"]
[Opening "Queen's Indian: Petrosian system"]
[ECO "E12"]
[NIC "QI.04"]
[Time "14:27:50"]
[TimeControl "180+0"]

1. d4 Nf6 2. c4 e6 3. Nf3 b6 4. a3 Bb7 5. g3 d5 6. cxd5 exd5 7. Bg2 Be7 8.
Nc3 O-O 9. O-O Nbd7 10. Bf4 a6 11. b4 c6 12. Rc1 Nh5 13. Bd2 f5 14. e3 Nhf6
15. Re1 Ne4 16. Ne5 Bd6 17. f4 Rc8 18. Nxe4 fxe4 19. Qb3 Kh8 20. h3 Qe7 21.
Bc3 Nf6 22. Rc2 Nh5 23. g4 Nf6 24. Rf2 Nd7 25. a4 b5 26. axb5 axb5 27. Ra2
Ra8 28. Rea1 Nb6 29. Kh2 Nc4 30. Be1 Bxb4 31. Bxb4 Qf6 32. Nd7 Rfc8 33. Nxf6
{Black resigns}
1-0

[Event "ICCopen2017"]
[Site "Internet Chess Club"]
[Date "2017.03.25"]
[Round "3"]
[White "JESSEJOSE"]
[Black "LionKing93"]
[Result "0-1"]
[ICCResult "White resigns"]
[WhiteElo "1601"]
[BlackElo "2149"]
[Opening "Sicilian: Canal-Sokolsky attack, 3...Bd7"]
[ECO "B52"]
[NIC "SI.01"]
[Time "14:28:32"]
[TimeControl "180+0"]

1. e4 c5 2. Nf3 d6 3. Bb5+ Bd7 4. Bxd7+ Qxd7 5. d4 cxd4 6. Qxd4 Nc6 7. Qd3
Nf6 8. c4 g6 9. Nc3 Bg7 10. O-O O-O 11. b3 Ng4 12. Bb2 a6 13. Rad1 Nge5 14.
Nxe5 Nxe5 15. Qd2 b5 16. c5 b4 17. Na4 Qg4 18. Bxe5 Bxe5 19. f3 Qf4 20. Qxf4
Bxf4 21. cxd6 Bxd6 22. Nb6 Bc5+ {White resigns} 0-1

[Event "ICCopen2017"]
[Site "Internet Chess Club"]
[Date "2017.03.25"]
[Round "3"]
[White "Xadrez47"]
[Black "Persi"]
[Result "1-0"]
[ICCResult "Black checkmated"]
[WhiteElo "1490"]
[BlackElo "1210"]
[Opening "Blackmar gambit"]
[ECO "D00"]
[NIC "QP.08"]
[Time "14:28:43"]
[TimeControl "180+0"]

1. d4 d5 2. e4 dxe4 3. f3 exf3 4. Nxf3 Nf6 5. Bd3 Nc6 6. c3 Bg4 7. O-O e6 8.
h3 Bh5 9. Bg5 Be7 10. Nbd2 O-O 11. Qe1 Nd5 12. Qh4 Bg6 13. Bxg6 hxg6 14.
Bxe7 Qxe7 15. Ng5 Nf6 16. Rxf6 gxf6 17. Qh7# {Black checkmated} 1-0

[Event "ICCopen2017"]
[Site "Internet Chess Club"]
[Date "2017.03.25"]
[Round "3"]
[White "ehkopean"]
[Black "Voltage"]
[Result "0-1"]
[ICCResult "White resigns"]
[WhiteElo "1746"]
[BlackElo "2488"]
[Opening "Sicilian: Alapin's variation (2.c3)"]
[ECO "B22"]
[NIC "SI.46"]
[Time "14:27:31"]
[TimeControl "180+0"]

1. e4 c5 2. c3 e6 3. d4 cxd4 4. cxd4 d5 5. exd5 Qxd5 6. Nc3 Bb4 7. Nf3 Nf6
8. Bd2 Qd6 9. Bb5+ Bd7 10. Bc4 O-O 11. O-O Nc6 12. Be3 a6 13. a3 Ba5 14. b4
Bc7 15. Bd3 Ng4 16. Ne4 Qe7 17. h3 Nxe3 18. fxe3 h6 19. Nc5 Bc8 20. Rc1 Rd8
21. Qe2 e5 22. dxe5 Nxe5 23. Bc4 Nxc4 24. Qxc4 b6 25. Ne4 Bb8 26. Rfd1 Be6
27. Rxd8+ Qxd8 28. Qc6 a5 29. Qxa8 Bh2+ 30. Kxh2 Qxa8 31. Nd6 axb4 32. Rc8+
Bxc8 {White resigns} 0-1

[Event "ICCopen2017"]
[Site "Internet Chess Club"]
[Date "2017.03.25"]
[Round "3"]
[White "ShadowStorm"]
[Black "Tui"]
[Result "0-1"]
[ICCResult "White resigns"]
[WhiteElo "1377"]
[BlackElo "1829"]
[Opening "Modern defense"]
[ECO "A40"]
[NIC "QO.17"]
[Time "14:27:48"]
[TimeControl "180+0"]

1. d4 g6 2. e3 Bg7 3. f4 d6 4. Nf3 Nc6 5. Bd3 e5 6. fxe5 dxe5 7. c3 Nf6 8.
e4 O-O 9. d5 Nb8 10. a3 c6 11. c4 cxd5 12. cxd5 Nbd7 13. O-O Nc5 14. Be3
Ncxe4 15. Nxe5 Nxd5 16. Nc4 Nxe3 17. Nxe3 Qd4 18. Qe2 Bf5 19. Nd2 Nxd2 20.
Qxd2 Bxd3 21. Rfd1 Rad8 22. Rac1 Bh6 23. Re1 Rfe8 24. Rc3 Bxe3+ 25. Rxe3
Rxe3 26. Qxe3 Qxe3+ {White resigns} 0-1

[Event "ICCopen2017"]
[Site "Internet Chess Club"]
[Date "2017.03.25"]
[Round "3"]
[White "hedgie"]
[Black "StaggerLee"]
[Result "1-0"]
[ICCResult "Black checkmated"]
[WhiteElo "1892"]
[BlackElo "1357"]
[Opening "Queen's pawn: Charlick (Englund) gambit"]
[ECO "A40"]
[NIC "QO.17"]
[Time "14:28:36"]
[TimeControl "180+0"]

1. d4 e5 2. d5 Bc5 3. e3 d6 4. c4 Nf6 5. Nc3 O-O 6. Bd3 c6 7. Nge2 Re8 8.
Ng3 Bg4 9. Qc2 h6 10. a3 a6 11. b4 Ba7 12. Bb2 Nbd7 13. h3 Bh5 14. Nxh5 Nxh5
15. g4 Nhf6 16. dxc6 bxc6 17. O-O-O Qe7 18. Rdg1 e4 19. Be2 d5 20. c5 Ne5
21. h4 a5 22. g5 hxg5 23. hxg5 Nfd7 24. f4 Nd3+ 25. Bxd3 exd3 26. Qxd3 Qxe3+
27. Qxe3 Rxe3 28. Kd2 Rf3 29. Rh4 axb4 30. axb4 Bb8 31. Ne2 Ra2 32. Kc1 Rb3
33. Rgh1 Raxb2 34. Rh8# {Black checkmated} 1-0

[Event "ICCopen2017"]
[Site "Internet Chess Club"]
[Date "2017.03.25"]
[Round "3"]
[White "minke"]
[Black "touchthis"]
[Result "1-0"]
[ICCResult "Black checkmated"]
[WhiteElo "1745"]
[BlackElo "1422"]
[Opening "Latvian counter-gambit"]
[ECO "C40"]
[NIC "KP.09"]
[Time "14:29:34"]
[TimeControl "180+0"]

1. e4 e5 2. Nf3 f5 3. Nxe5 Nf6 4. Bc4 d5 5. exd5 Nxd5 6. Qh5+ g6 7. Nxg6
hxg6 8. Qxh8 Be6 9. O-O Nc6 10. Re1 Qe7 11. Nc3 Nxc3 12. Rxe6 Qxe6 13. Bxe6
Ke7 14. Qg8 Ne2+ 15. Kf1 Nf4 16. Qf7+ Kd6 17. Qd7+ Ke5 18. d4+ Nxd4 19.
Bxf4+ Kf6 20. Qxd4+ Ke7 21. Re1 Rd8 22. Bg8# {Black checkmated} 1-0

[Event "ICCopen2017"]
[Site "Internet Chess Club"]
[Date "2017.03.25"]
[Round "3"]
[White "A-Frhat"]
[Black "TerryR"]
[Result "0-1"]
[ICCResult "White resigns"]
[WhiteElo "2313"]
[BlackElo "2008"]
[Opening "French: Tarrasch"]
[ECO "C03"]
[NIC "FR.14"]
[Time "14:27:24"]
[TimeControl "180+0"]

1. e4 e6 2. d4 d5 3. Nd2 Be7 4. Ngf3 Nf6 5. Bd3 c5 6. dxc5 dxe4 7. Nxe4 Nxe4
8. Bxe4 Qxd1+ 9. Kxd1 Bxc5 10. Ke2 Nd7 11. Rd1 Nf6 12. Bd3 Ng4 13. Bb5+ Ke7
14. Bg5+ f6 15. Bh4 a6 16. Ba4 b5 17. Bb3 Bb7 18. h3 Nh6 19. g4 Rhd8 20. Bg3
Nf7 21. c3 Nd6 22. Nd4 Nc4 23. Bxc4 bxc4 24. Nc2 Be4 25. Ne3 Bd3+ 26. Kf3 e5
27. h4 Ke6 28. h5 Rab8 29. Rd2 Be4+ 30. Ke2 Rxd2+ 31. Kxd2 Rxb2+ 32. Kc1 Ba3
33. Nxc4 Rb1+ 34. Kd2 Rxa1 35. Nxa3 Rxa2+ 36. Ke3 Rxa3 37. Kxe4 Rxc3
{White resigns}
0-1

[Event "ICCopen2017"]
[Site "Internet Chess Club"]
[Date "2017.03.25"]
[Round "3"]
[White "JanTheMan"]
[Black "happychess"]
[Result "1-0"]
[ICCResult "Black resigns"]
[WhiteElo "2391"]
[BlackElo "1717"]
[Opening "Benkö gambit half accepted"]
[ECO "A57"]
[NIC "BI.43"]
[Time "14:27:24"]
[TimeControl "180+0"]

1. d4 Nf6 2. c4 c5 3. d5 b5 4. cxb5 a6 5. e3 axb5 6. Bxb5 g6 7. Nc3 Bg7 8.
Nf3 O-O 9. O-O Ba6 10. Bxa6 Nxa6 11. e4 d6 12. Qe2 Qb6 13. Bg5 Nc7 14. Rfd1
h6 15. Bf4 Rfb8 16. Rab1 Nd7 17. e5 dxe5 18. Nxe5 Nxe5 19. Bxe5 Nb5 20. Bxg7
Kxg7 21. Nxb5 Qxb5 22. Qxe7 Re8 23. Qc7 Rxa2 24. h3 Raa8 25. Qg3 Rad8 26.
Qc3+ Kg8 27. Rd2 Qb4 28. Rc1 Qf4 29. g3 Qe4 30. Qxc5 Rc8 31. Qxc8 Rxc8 32.
Rxc8+ Kg7 33. Rc1 Qb4 34. Rcc2 Qd6 35. Kf1 Kf6 36. Rc6 {Black resigns} 1-0

[Event "ICCopen2017"]
[Site "Internet Chess Club"]
[Date "2017.03.25"]
[Round "3"]
[White "Montserrat"]
[Black "P10"]
[Result "1-0"]
[ICCResult "Black forfeits on time"]
[WhiteElo "1874"]
[BlackElo "1529"]
[Opening "English opening"]
[ECO "A16"]
[NIC "EO.64"]
[Time "14:27:39"]
[TimeControl "180+0"]

1. c4 Nf6 2. Nc3 g6 3. g3 Bg7 4. Bg2 c5 5. e3 O-O 6. Nge2 Nc6 7. O-O e6 8.
b3 d5 9. cxd5 exd5 10. d4 cxd4 11. Nxd4 Re8 12. Nce2 Bg4 13. Bb2 Rc8 14. h3
Bxe2 15. Nxe2 a6 16. Rc1 Nb4 17. Rxc8 Qxc8 18. a3 Nc6 19. Nf4 Ne7 20. Bxf6
Bxf6 21. Nxd5 Nxd5 22. Qxd5 Rd8 23. Qxb7 Qc3 24. Bd5 Rf8 25. Bc4 Qb2 26. a4
a5 27. Rd1 Qc2 28. Rd7 Qb1+ 29. Kg2 {Black forfeits on time} 1-0

[Event "ICCopen2017"]
[Site "Internet Chess Club"]
[Date "2017.03.25"]
[Round "3"]
[White "MAU"]
[Black "knightspirit"]
[Result "1-0"]
[ICCResult "Black resigns"]
[WhiteElo "1766"]
[BlackElo "1193"]
[Opening "Scotch game"]
[ECO "C45"]
[NIC "SO.04"]
[Time "14:28:34"]
[TimeControl "180+0"]

1. e4 e5 2. Nf3 Nc6 3. d4 exd4 4. Nxd4 Nxd4 5. Qxd4 Ne7 6. Bb5 Nc6 7. Bxc6
dxc6 8. Qxd8+ Kxd8 9. Bf4 Be6 10. Nc3 Bb4 11. O-O-O+ Ke7 12. Ne2 Rad8 13. a3
Bd6 14. Bg3 Bxg3 15. hxg3 Rxd1+ 16. Kxd1 Rd8+ 17. Kc1 Bc4 18. Nf4 g5 19. Nh3
h6 20. f4 f6 21. Nf2 Rh8 22. Ng4 h5 23. Kd2 Rd8+ 24. Kc3 hxg4 25. Kxc4 Rd2
26. Kc3 Rxg2 27. Rh7+ Ke6 28. fxg5 Rxg3+ 29. Kd4 fxg5 30. Rxc7 Rf3 31. Rg7
Kf6 32. Rg8 g3 33. Rf8+ Ke6 34. Rxf3 {Black resigns} 1-0

[Event "ICCopen2017"]
[Site "Internet Chess Club"]
[Date "2017.03.25"]
[Round "3"]
[White "fletcherdavid"]
[Black "nmd"]
[Result "1-0"]
[ICCResult "Black forfeits on time"]
[WhiteElo "1872"]
[BlackElo "1532"]
[Opening "Nimzovich-Larsen attack: English variation"]
[ECO "A01"]
[NIC "VO.08"]
[Time "14:28:03"]
[TimeControl "180+0"]

1. b3 c5 2. Bb2 d5 3. e3 Nc6 4. Bb5 Bd7 5. f4 e6 6. Nf3 a6 7. Bxc6 Bxc6 8.
O-O Nf6 9. d3 b5 10. Ne5 Bb7 11. Nd2 Be7 12. c4 O-O 13. Ndf3 Nd7 14. Qe2 f6
15. Nxd7 Qxd7 16. e4 d4 17. Rae1 bxc4 18. bxc4 {Black forfeits on time} 1-0